 Dungeon Crawl Stone Soup version 0.27-a0-1256-gced786f65e (webtiles) character file.

Game seed: 6044428562309651543

107 zezblit the Conjurer (level 4, -2/33 HPs)
             Began as a Draconian Conjurer on June 10, 2021.
             Slain by an adder (3 damage)
             ... on level 3 of the Dungeon.
             The game lasted 00:30:02 (3561 turns).

zezblit the Conjurer (Draconian Conjurer)           Turns: 3561, Time: 00:30:03

Health: -2/33      AC:  9    Str:  9    XL:     4   Next: 56%
Magic:  6/8        EV: 12    Int: 19    God:
Gold:   123        SH:  0    Dex: 10    Spells: 2/8 levels left

rFire    . . .     SeeInvis .   a - +0 short sword
rCold    . . .     Faith    .   (no shield)
rNeg     . . .     Spirit   .   (armour unavailable)
rPois    .         Reflect  .   (helmet restricted)
rElec    .         Harm     .   k - +0 cloak
rCorr    .         Rampage  .   d - +2 pair of gloves
Will     .....                  (no boots)
Stlth    ++........             (no amulet)
HPRegen  0.11/turn              (no ring)
MPRegen  0.11/turn              (no ring)

@: lethally poisoned (-2 -> -13)
A: AC +5, unfitting armour, cold-blooded
a: no special abilities


You were on level 3 of the Dungeon.
You visited 1 branch of the dungeon, and saw 4 of its levels.

You collected 123 gold pieces.

Inventory:

Hand Weapons
 a - a +0 short sword (weapon)
Missiles
 g - 14 sling bullets
Armour
 d - a +2 pair of gloves (worn)
 k - a +0 cloak (worn)
Scrolls
 f - a scroll of fog {unknown}
 h - 2 scrolls of teleportation
 j - 2 scrolls of noise {unknown}
 l - 4 scrolls of identify {unknown}
Potions
 b - 2 potions of mutation {unknown}
 c - a potion of heal wounds {unknown}
 e - a potion of curing
 i - 2 potions of attraction {unknown}
 m - a potion of flight {unknown}


   Skills:
 - Level 0.2 Short Blades
 + Level 2.2 Dodging
 + Level 2.0 Stealth
 + Level 2.8 Spellcasting
 * Level 5.2 Conjurations


You had 2 spell levels left.
You knew the following spells:

 Your Spells              Type           Power      Damage    Failure   Level
a - Magic Dart            Conj           88%        1d7       1%          1
b - Searing Ray           Conj           44%        3d4       2%          2
c - Dazzling Flash        Conj/Hex       24%        N/A       16%         3

Your spell library contained the following spells:

 Spells                   Type           Power      Damage    Failure   Level
 Animate Skeleton         Necr           4%         N/A       16%         1
 Pain                     Necr           8%         1d4       16%         1
 Blink                    Tloc           N/A        N/A       24%         2
 Call Imp                 Summ           2%         N/A       24%         2
 Slow                     Hex            2%         N/A       24%         2
 Conjure Flame            Conj/Fire      12%        6-21      16%         3
 Mephitic Cloud           Conj/Pois/Air  9%         N/A       22%         3
 Vampiric Draining        Necr           1%         2d6       43%         3
 Fulminant Prism          Conj/Hex       6%         3d7       47%         4
 Iskenderun's Mystic Bla  Conj/Tloc      12%        2d5       47%         4
 Animate Dead             Necr           1%         N/A       83%         4
 Agony                    Necr           2%         N/A       99%         5


Dungeon Overview and Level Annotations

Branches:
Dungeon (4/15)
 Temple: D:4-7

Altars:
Uskayaw


Innate Abilities, Weirdness & Mutations

Your plain brown scales are hard. (AC +5)
You cannot fit into any form of body armour.
You are cold-blooded and may be slowed by cold attacks.


Message History

You climb downwards.
There is a stone staircase leading up here.
Press: ? - help, v - describe, . - travel
Here: a scorpion zombie The floor.
The adder hisses angrily.
The scorpion stings you but does no damage. x2
The scorpion zombie closely misses you.
There is a stone staircase leading up here.
The orc shouts!
The adder bites you but does no damage. The scorpion zombie hits you.
The scorpion stings you.
You climb upwards.
There is a stone staircase leading down here.
Aiming: Magic Dart (safe; 1% risk of failure)
Press: ? - help, Q - select action, (/) - cycle Shift-Dir - straight line, f - scorpion
Aim: a scorpion (100% to hit)
The magic dart hits the scorpion but does no damage.
The adder bites you but does no damage. The scorpion stings you.
You are poisoned.
The scorpion poisons you! The adder bites you.
Aiming: Magic Dart (safe; 1% risk of failure)
Press: ? - help, Q - select action, (/) - cycle Shift-Dir - straight line, f/p - scorpion
Aim: a scorpion (100% to hit)
The magic dart hits the scorpion.
The scorpion is lightly wounded.
You feel very sick. The scorpion misses you. The adder closely misses you.
You feel sick. The scorpion stings you.
You are lethally poisoned!
The scorpion poisons you!
* * * LOW HITPOINT WARNING * * *
You feel very sick. The adder barely misses you.
* * * LOW HITPOINT WARNING * * *
You feel very sick.
* * * LOW HITPOINT WARNING * * *
You feel very sick. The adder bites you.
You die...

.........############.##.#
.........+...............#
.........##..########.####
.........##..# #..#.#
.........##..# ##..#.#
.........##..# #<..#.#
............>#####.##.#
..............s.##.##.#
...............S@.....#
................##.####
................##.#
................##.#
................##.#
###########..#####.#
#..#####.######
#..#..........# #########
#..#.##########


You could see a scorpion and an adder.

Vanquished Creatures
  4 adders
  A worm (D:2)
  A dart slug (D:3)
  An orc (D:3)
  3 endoplasms
  4 giant cockroaches
  3 goblins
  4 hobgoblins
  9 jackals (D:2)
  3 quokkas
  6 ball pythons
  5 bats
  7 frilled lizards
  8 kobolds
  4 rats
63 creatures vanquished.

Notes
Turn   | Place    | Note
-------+----------+-------------------------------------------
     0 | D:1      | zezblit the Draconian Conjurer began the quest for the Orb.
     0 | D:1      | Reached XP level 1. HP: 14/14 MP: 3/3
   305 | D:1      | Reached XP level 2. HP: 17/20 MP: 1/5
   596 | D:1      | Found a faded altar of an unknown god.
  1160 | D:2      | Learned a level 2 spell: Searing Ray
  1480 | D:2      | Reached XP level 3. HP: 26/26 MP: 1/6
  1711 | D:2      | Learned a level 3 spell: Dazzling Flash
  2387 | D:3      | Found a hide-covered altar of Uskayaw.
  2390 | D:3      | Reached skill level 5 in Conjurations
  2390 | D:3      | Reached XP level 4. HP: 33/33 MP: 4/7
  2774 | D:4      | Noticed a scorpion
  3348 | D:3      | Noticed a necrophage
  3561 | D:3      | HP: 1/33 [poisoned by a scorpion]
  3561 | D:3      | Slain by an adder

Illustrated notes

Levels and vault maps discovered:
D:1:      arrival_zaba_pyramid, layout_basic,
          chequers_ecumenical_altar_simple_redux
D:2:      kennysheep_six_static_rooms, layout_loops_ring, minmay_pentomino_v2
D:3:      layout_basic, nicolae_uskayaw_dance_hall
D:4:      layout_rooms, overflow_temple_1_default

Skill      XL: |  1  2  3  4 |
---------------+-------------+-----
Dodging        | 2 |  2.2
Conjurations   | 5 |  5.2
Stealth        | 2 |  2.0
Short Blades   | |  0.2
Spellcasting   | |  2.8

Action                   |  1- 3 |  4- 6 || total
-------------------------+-------+-------++-------
Melee: Short sword       |    40 |       ||    40
       Tailslap          |     2 |       ||     2
 Cast: Magic Dart        |    83 |    27 ||   110
       Searing Ray       |     4 |     4 ||     8
  Use: Scroll            |     3 |       ||     3
       Potion            |     1 |       ||     1
Armor: Skin              |    40 |    10 ||    50
Dodge: Dodged            |    46 |     9 ||    55

Table legend: (Time is in decaauts)
 A = Elapsed time spent in this place.
 B = Non-inter-level travel time spent in this place.
 C = Inter-level travel time spent in this place.
 D = Time resting spent in this place.
 E = Time spent auto-exploring this place.
 F = Levels seen in this place.
 G = Mean time per level.
                   A        B        C        D        E       F      G
               +--------+--------+--------+--------+--------+-----+--------+
         Total |   3572 |   3500 |     72 |   1010 |   1906 |   4 |  893.0 |
       Dungeon |   3572 |   3500 |     72 |   1010 |   1906 |   4 |  893.0 |
               +--------+--------+--------+--------+--------+-----+--------+

Top non-repeatable levels by time:
     D:2: 1288 daAuts
     D:1: 1115 daAuts
     D:3: 1114 daAuts
     D:4: 53 daAuts
